 Dungeon Sprint DCSS version 0.18-a0-1773-gec4f98e (webtiles) character file.

11475 LittleTurtle the Warrior (level 11, -25/124 HPs)
             Began as a Minotaur Berserker on Apr 15, 2016.
             Was the Champion of Trog.
             Annihilated by a vampire knight
             ... wielding a +0 great sword
              (29 damage)
             ... in the Dungeon (Sprint VII: "The Pits").
             The game lasted 00:09:26 (4092 turns).

LittleTurtle the Warrior (Minotaur Berserker)       Turns: 4092, Time: 00:09:27

Health: -25/124    AC: 22    Str: 25    XL:     11   Next: 49%
Magic:  10/10      EV: 14    Int:  4    God:    Trog [******]
Gold:   8          SH:  0    Dex: 10    Spells: 0 memorised, 10 levels left

rFire  . . .     SeeInvis .     i - +4 great mace (holy)
rCold  . . .     Gourm    .     a - +2 plate armour
rNeg   . . .     Faith    .     (shield currently unavailable)
rPois  .         Spirit   .     (helmet restricted)
rElec  .         Dismiss  .     (no cloak)
rCorr  .         Reflect  .     r - +0 pair of gloves
SustAt .         Harm     .     (no boots)
MR     .....     NoTele   +     (no amulet)
Stlth  ..........               (no ring)
                                b - +3 ring of evasion

@: not resistant to hostile enchantments, extremely unstealthy
A: retaliatory headbutt, horns 2
a: Berserk, Trog's Hand, Brothers in Arms, Burn Spellbooks, Renounce Religion


You were in the Dungeon.
You worshipped Trog.
Trog was exalted by your worship.
You were not hungry.

You visited 1 branch You collected 8 gold pieces.

Inventory:

Hand Weapons
 i - a +4 great mace of holy wrath (weapon)
Armour
 a - a +2 plate armour (worn)
 r - a +0 pair of gloves (worn)
Jewellery
 b - a +3 ring of evasion (left hand)
 o - a +3 ring of intelligence
 E - a +3 ring of intelligence
 F - an uncursed ring of positive energy
 G - an uncursed ring of protection from fire
Scrolls
 m - 3 scrolls of remove curse
 n - a scroll of summoning
 u - 2 scrolls of fog
 v - a scroll of fear
 x - 2 scrolls of recharging
 y - a scroll of blinking
 A - 2 scrolls of enchant armour
 B - 4 scrolls of identify
Potions
 d - 8 potions of curing
 e - 8 potions of heal wounds
 f - 6 potions of haste
 g - 4 potions of magic
 h - 4 potions of berserk rage
 l - 2 potions of invisibility
 p - 2 potions of agility
 q - 2 potions of might
 s - 3 potions of lignification
 w - a potion of cure mutation
 z - a potion of brilliance
Miscellaneous
 D - a phantom mirror
Comestibles
 c - 5 bread rations
 j - 36 fruits
 k - 7 meat rations
 C - a beef jerky


   Skills:
 * Level 20.1 Fighting
 + Level 15.9 Maces & Flails
 * Level 18.5 Armour
 + Level 7.8 Dodging
 + Level 1.8 Stealth


You had 10 spell levels left.
You didn't know any spells.

Dungeon Overview and Level Annotations

Branches:
Dungeon (1/1)

Altars:
Ashenzari
Cheibriados
Dithmenos
Elyvilon
Fedhas
Gozag
Kikubaaqudgha
Makhleb
Nemelex Xobeh
Okawaru
Pakellas
Qazlal
Ru
Sif Muna
Trog
Vehumet
Xom
Yredelemnul
Zin
The Shining One
Beogh
Jiyva
Lugonu


Innate Abilities, Weirdness & Mutations

You reflexively headbutt those who attack you in melee.
You have a pair of horns on your head.


Message History

You bludgeon the vampire knight!!
The vampire knight convulses!
The vampire knight is heavily damaged.
The vampire knight casts a spell.
The vampire knight flickers and vanishes!
Deactivating autopickup; reactivate with Ctrl-A.
You hit something but do no damage. You headbutt something. Something hits you!
Something bites you but does no damage.
You hit something but do no damage. You headbutt something.
Something barely misses you. Something bites you but does no damage.
You barely miss something. You headbutt something.
You hear some strange, mumbled words.
Something tries to affect you, but you resist.
Something hits you! Something bites you but does no damage.
You thump something! Your headbutt misses something. Something hits you!!
* * * LOW HITPOINT WARNING * * *
Something completely misses you.
You closely miss something.
Unholy energy fills the air.
* * * LOW HITPOINT WARNING * * *
You closely miss something. You headbutt something. Something hits you!!
You die...

#++# #... #...
#..# #..# #.{#
###### #.@# .##..#
#..# .##..# #..#
.''..# #..#
.''..##########†.#
.##...........)†.#
.##..............#
##################
##########
#################


There were no monsters in sight!

Vanquished Creatures
  A great orb of eyes (D)
  A sun demon (D)
  An unseen horror (D)
  A spriggan druid (D)
  A lindwurm (D)
  A hill giant (D)
  A deep elf mage (D)
  An elephant (D)
  A siren (D)
  A black mamba (D)
  A gargoyle (D)
  Psyche (D)
  A rust devil (D)
  A molten gargoyle (D)
  A komodo dragon (D)
  A guardian mummy (D)
  A red devil (D)
  2 giant leeches (D)
  A boulder beetle (D)
  A snapping turtle (D)
  A wraith (D)
  3 yaks (D)
  A spriggan (D)
  A basilisk (D)
  A hungry ghost (D)
  A chaos spawn (D)
  Menkaure (D)
  A warg (D)
  A porcupine (D)
  2 sky beasts (D)
  An ogre (D)
  A wasp (D)
  6 wolves (D)
  A crocodile (D)
  Blork the orc (D)
  2 scorpions (D)
  A crimson imp (D)
  A quasit (D)
  An orc wizard (D)
  A gnoll shaman (D)
  2 river rats (D)
  An adder (D)
  2 oozes (D)
  An adder skeleton (D)
  4 orcs (D)
  2 ball pythons (D)
  A bat (D)
  2 giant newts (D)
  A rat (D)
66 creatures vanquished.

Vanquished Creatures (collateral kills)
  A hill giant (D)
  A phantasmal warrior (D)
  An orc knight (D)
  A freezing wraith (D)
  An efreet (D)
  A red devil (D)
  A hellwing (D)
  A yak (D)
  An orc warrior (D)
  A wolf (D)
  A big kobold (D)
  An orc wizard (D)
  An iron imp (D)
  2 orcs (D)
15 creatures vanquished.

Grand Total: 81 creatures vanquished

Notes
Turn   | Place    | Note
--------------------------------------------------------------
     0 | D        | LittleTurtle the Minotaur Berserker began the quest for the Orb.
     0 | D        | Reached XP level 1. HP: 19/19 MP: 0/0
    27 | D        | Found a sacrificial altar of Ru.
    27 | D        | Found a basalt altar of Yredelemnul.
    27 | D        | Found a shadowy altar of Dithmenos.
    27 | D        | Found a deep blue altar of Sif Muna.
    27 | D        | Found a burning altar of Makhleb.
    27 | D        | Found a shimmering altar of Xom.
    27 | D        | Found an ancient bone altar of Kikubaaqudgha.
    27 | D        | Found a sparkling altar of Nemelex Xobeh.
    28 | D        | Found a glowing golden altar of the Shining One.
    28 | D        | Found a bloodstained altar of Trog.
    28 | D        | Found a shattered altar of Ashenzari.
    28 | D        | Found a white marble altar of Elyvilon.
    28 | D        | Found a snail-covered altar of Cheibriados.
    28 | D        | Found a blossoming altar of Fedhas.
    28 | D        | Found a radiant altar of Vehumet.
    28 | D        | Found a glowing silver altar of Zin.
    28 | D        | Found a corrupted altar of Lugonu.
    28 | D        | Found a viscous altar of Jiyva.
    28 | D        | Found a roughly hewn altar of Beogh.
    28 | D        | Found an iron altar of Okawaru.
    29 | D        | Found an oddly glowing altar of Pakellas.
    34 | D        | Found a stormy altar of Qazlal.
    34 | D        | Found an opulent altar of Gozag.
    87 | D        | Reached ** piety under Trog
    87 | D        | Reached skill level 4 in Fighting
   263 | D        | Reached *** piety under Trog
   263 | D        | Reached skill level 5 in Fighting
   263 | D        | Reached XP level 2. HP: 4/29 MP: 1/1
   549 | D        | Noticed a scorpion
   558 | D        | Reached skill level 5 in Maces & Flails
   563 | D        | Killed a scorpion
   563 | D        | Reached skill level 6 in Fighting
   563 | D        | Reached XP level 3. HP: 23/38 MP: 2/2
   563 | D        | Reached XP level 4. HP: 28/45 MP: 3/3
   857 | D        | Noticed an ogre
   857 | D        | Noticed Blork the orc
   859 | D        | Noticed a deep elf mage
   859 | D        | Noticed a hungry ghost
   873 | D        | Killed an ogre
   873 | D        | Reached **** piety under Trog
   873 | D        | Reached skill level 8 in Fighting
   873 | D        | Reached skill level 5 in Armour
   873 | D        | Reached skill level 5 in Dodging
   873 | D        | Reached XP level 5. HP: 32/56 MP: 4/4
   879 | D        | Killed Blork the orc
   879 | D        | Reached skill level 9 in Fighting
   883 | D        | Noticed an ice beast
   887 | D        | Noticed an ice beast
   919 | D        | Killed a deep elf mage
   919 | D        | Reached ***** piety under Trog
   919 | D        | Reached skill level 12 in Fighting
   919 | D        | Reached skill level 10 in Maces & Flails
   919 | D        | Reached XP level 6. HP: 12/71 MP: 5/5
   919 | D        | Reached XP level 7. HP: 13/78 MP: 6/6
   931 | D        | Killed a hungry ghost
   931 | D        | Reached skill level 13 in Fighting
  1264 | D        | Noticed a molten gargoyle
  1274 | D        | Killed a molten gargoyle
  1274 | D        | Reached skill level 14 in Fighting
  1274 | D        | Reached skill level 10 in Armour
  1274 | D        | Reached skill level 1 in Stealth
  1274 | D        | Reached XP level 8. HP: 49/89 MP: 7/7
  1592 | D        | Noticed a freezing wraith
  1592 | D        | Noticed a giant leech
  1623 | D        | Killed a giant leech
  1623 | D        | Received a gift from Trog
  1627 | D        | Killed a freezing wraith
  1627 | D        | Reached skill level 15 in Fighting
  1930 | D        | Noticed a gargoyle
  1937 | D        | Killed a gargoyle
  1937 | D        | Reached XP level 9. HP: 74/97 MP: 8/8
  1938 | D        | Noticed Menkaure
  1940 | D        | Killed Menkaure
  2180 | D        | Noticed an elephant
  2186 | D        | Killed an elephant
  2186 | D        | Reached skill level 16 in Fighting
  2285 | D        | Noticed a giant leech
  2289 | D        | Killed a giant leech
  2340 | D        | Noticed Psyche
  2342 | D        | Received a gift from Trog
  2344 | D        | Killed Psyche
  2427 | D        | Noticed a hill giant
  2434 | D        | Killed a hill giant
  2434 | D        | Reached ****** piety under Trog
  2434 | D        | Reached skill level 17 in Fighting
  2434 | D        | Reached skill level 15 in Armour
  2434 | D        | Reached XP level 10. HP: 69/111 MP: 9/9
  2874 | D        | Noticed a black mamba
  2875 | D        | Killed a black mamba
  2878 | D        | Received a gift from Trog
  2906 | D        | Killed an unseen horror
  3244 | D        | Noticed a sun demon
  3251 | D        | Killed a sun demon
  3251 | D        | Reached skill level 18 in Fighting
  3275 | D        | Noticed a rust devil
  3281 | D        | Killed a rust devil
  3303 | D        | Received a gift from Trog
  3392 | D        | Noticed a lindwurm
  3395 | D        | Noticed a siren
  3413 | D        | Killed a lindwurm
  3445 | D        | Received a gift from Trog
  3480 | D        | Received a gift from Trog
  3585 | D        | Killed a siren
  3585 | D        | Received a gift from Trog
  3585 | D        | Reached XP level 11. HP: 77/121 MP: 10/10
  3755 | D        | Noticed a phantasmal warrior
  3756 | D        | Noticed an orc knight
  3757 | D        | Reached skill level 15 in Maces & Flails
  3759 | D        | Killed a phantasmal warrior
  3759 | D        | Reached skill level 19 in Fighting
  3761 | D        | Noticed a hill giant
  3767 | D        | Killed an orc knight
  3773 | D        | Killed a hill giant
  3774 | D        | Received a gift from Trog
  3780 | D        | Received a gift from Trog
  3790 | D        | Received a gift from Trog
  3803 | D        | Noticed a spriggan druid
  3808 | D        | Killed a spriggan druid
  4050 | D        | Noticed a great orb of eyes
  4057 | D        | Killed a great orb of eyes
  4071 | D        | Received a gift from Trog
  4071 | D        | Reached skill level 20 in Fighting
  4080 | D        | Noticed a vampire knight
  4091 | D        | HP: 4/124 [something/vampiric draining (22)]
  4092 | D        | Annihilated by a vampire knight

Vault maps used:
D:        pitsprint

Skill      XL: |  1  2  3  4  5  6  7  8  9 10 11 |
---------------+----------------------------------+-----
Fighting       | 5 6 8 12 14 15 17 18 20 | 20.1
Maces & Flails | 4 6 7 10 11 12 14 15 | 15.9
Armour         | 3 4 5 8 10 12 15 17 18 | 18.5
Dodging        | 3 4 5 6 7 |  7.8
Stealth        | 1 |  1.8

Action                   |  1- 3 |  4- 6 |  7- 9 | 10-12 || total
-------------------------+-------+-------+-------+-------++-------
Melee: Mace              |    21 |    36 |    87 |       ||   144
       Headbutt          |     3 |     8 |    29 |    29 ||    69
       Great mace        |       |       |    31 |   113 ||   144
Invok: Berserk           |       |       |     1 |       ||     1
       Brothers in Arms  |       |       |     1 |     2 ||     3
  Use: Potion            |       |     1 |     1 |     1 ||     3
       Scroll            |       |     1 |       |       ||     1
  Eat: Bread ration      |       |     1 |     2 |       ||     3
       Fruit             |       |       |       |     4 ||     4
       Chunk             |       |       |       |     2 ||     2
Armor: Animal skin       |     1 |       |       |       ||     1
       Plate armour      |       |    28 |    50 |    86 ||   164
Dodge: Dodged            |     7 |     8 |    37 |    48 ||   100
